 Dungeon Sprint DCSS version 0.28.0-43-g3370ac3207 (webtiles) character file.

Game seed: 7644236443149989920

954 boopmooplesden the Cleaver (level 7, -9/117 HPs)
             Began as a Minotaur Berserker on Mar 16, 2022.
             Was a Priest of Trog.
             Mangled by an orange demon (11 damage)
             ... summoned by a kobold demonologist
             ... in the Dungeon (Sprint I: "Red Sonja").
             The game lasted 00:01:00 (693 turns).

boopmooplesden the Cleaver (Minotaur Berserker)      Turns: 693, Time: 00:01:01

Health: -9/117     AC:  3    Str: 21    XL:     7   Next: 90%
Magic:  6/6        EV: 14    Int:  4    God:    Trog [***...]
Gold:   405        SH:  0    Dex: 12    Spells: 6/6 levels left

rFire   . . .      SeeInvis .   k - +2 scythe (venom)
rCold   . . .      Faith    .   (shield currently unavailable)
rNeg    . . .      Spirit   .   j - +0 leather armour
rPois   .          Reflect  .   (helmet restricted)
rElec   .          Harm     .   (no cloak)
rCorr   .          Rampage  .   (no gloves)
Will    .....      NoTele   +   (no boots)
Stlth   ..........              (no amulet)
HPRegen 0.29/turn               (no ring)
MPRegen 0.10/turn               (no ring)

@: berserking (expiring), very quick
A: horns 2, retaliatory headbutt
a: Renounce Religion, Berserk, Trog's Hand


You were in the Dungeon.
You worshipped Trog.
Trog was most pleased with you.
You visited 1 branch You collected 405 gold pieces.

Inventory:

Hand Weapons
 a - a +0 hand axe
 k - a +2 scythe of venom (weapon)
Armour
 b - a +0 animal skin
 j - a +0 leather armour (worn)
Wands
 i - a wand of digging (3)
Scrolls
 h - a scroll of blinking
Potions
 c - a potion of curing
 d - a potion of heal wounds
 e - a potion of haste
 f - 2 potions of magic
 g - a potion of berserk rage


   Skills:
 + Level 12.8 Fighting
 + Level 13.3(13.7) Axes
 + Level 4.8(9.9) Polearms
 + Level 7.0 Armour
 + Level 6.1 Dodging


You had 6 spell levels left.
You didn't know any spells.
Your spell library was empty.

Dungeon Overview and Level Annotations

Branches:
Dungeon (1/1)

Altars:
Cheibriados
Dithmenos
Elyvilon
Fedhas
Gozag
Hepliaklqana
Kikubaaqudgha
Makhleb
Nemelex Xobeh
Okawaru
Qazlal
Ru
Sif Muna
Trog
Uskayaw
Vehumet
Wu Jian
Xom
Yredelemnul
Zin
The Shining One
Jiyva
Lugonu

Shops:
D :


Innate Abilities, Weirdness & Mutations

You have a pair of horns on your head.
You reflexively headbutt those who attack you in melee.


Message History

You slice the kobold demonologist!!
You kill the kobold demonologist!
Trog accepts your kill.
Trog appreciates your killing of a magic user.
The soul eater disappears in a puff of smoke!
The quasit bites you but does no damage.
The quasit claws you but does no damage.
The quasit barely misses you.
Your Axes skill increases to level 13!
Your base Polearms skill increases to level 4!
Your Armour skill increases to level 7!
Your Dodging skill increases to level 6!
You slice the quasit!!
You kill the quasit!
The quasit disappears in a puff of smoke!
The orange demon stings you but does no damage.
The orange demon closely misses you.
You slash the crimson imp!
You kill the crimson imp!
The crimson imp disappears in a puff of smoke!
The sixfirhy closely misses you. The sixfirhy completely misses you.
The kobold demonologist casts a spell.
The sixfirhy hits you but does no damage.
You miss the sixfirhy.
The sixfirhy is heavily wounded.
The sixfirhy completely misses you. The sixfirhy hits you!
The sixfirhy shocks you! The sixfirhy hits you! The sixfirhy shocks you!
The orange demon stings you from afar!
* * * LOW HITPOINT WARNING * * *
The sixfirhy barely misses you.
The crimson imp hits you but does no damage.
The orange demon barely misses you.
You completely miss the sixfirhy.
The sixfirhy is heavily wounded.
The sixfirhy hits you!
* * * LOW HITPOINT WARNING * * *
The sixfirhy shocks you!
* * * LOW HITPOINT WARNING * * *
The orange demon stings you from afar!
You die...

#####################
.').#.['..#__#..@5K.#
.#..'..#..'..'..#3§.#
###'#####'#__####44.+
##..#...#(#### ####
_####..##)#
____##'#_.+
.∩...†..._#
..__##_.#'#
____###+#)#


You could see 2 orange demons, a kobold demonologist, a sixfirhy (summoned) and
a crimson imp (summoned).

Vanquished Creatures
  A kobold demonologist (D)
  A slime creature (D)
  Sigmund (D)
  A yak (D)
  A floating eye (D)
  An ogre (D)
  A jelly (D)
  Ijyb (D)
8 creatures vanquished.

Notes
Turn   | Place    | Note
-------+----------+-------------------------------------------
     0 | D        | boopmooplesden the Minotaur Berserker began the quest for
                  | the Orb.
     0 | D        | Reached XP level 1. HP: 19/19 MP: 0/0
     1 | D        | Noticed Ijyb
     6 | D        | Killed Ijyb
     7 | D        | Reached skill level 5 in Fighting
     7 | D        | Reached skill level 5 in Axes
     7 | D        | Reached XP level 2. HP: 29/29 MP: 1/1
   159 | D        | Noticed an ogre
   161 | D        | Killed an ogre
   162 | D        | Reached skill level 7 in Axes
   162 | D        | Reached XP level 3. HP: 40/40 MP: 2/2
   162 | D        | Reached XP level 4. HP: 48/48 MP: 3/3
   214 | D        | Noticed Sigmund
   221 | D        | Killed Sigmund
   221 | D        | Reached ** piety under Trog
   222 | D        | Reached skill level 10 in Axes
   222 | D        | Reached skill level 5 in Armour
   222 | D        | Reached XP level 5. HP: 58/58 MP: 4/4
   360 | D        | Found a burning altar of Makhleb.
   360 | D        | Found a shimmering altar of Xom.
   360 | D        | Noticed a slime creature
   364 | D        | Killed a slime creature
   365 | D        | Reached skill level 11 in Axes
   365 | D        | Reached skill level 5 in Dodging
   365 | D        | Reached XP level 6. HP: 68/68 MP: 5/5
   365 | D        | Found a viscous altar of Jiyva.
   365 | D        | Found a corrupted altar of Lugonu.
   366 | D        | Found an ornate altar of the Wu Jian Council.
   366 | D        | Found a shimmering blue altar of Sif Muna.
   368 | D        | Found a radiant altar of Vehumet.
   393 | D        | Found Afod's Book Emporium.
   393 | D        | Found an ancient bone altar of Kikubaaqudgha.
   393 | D        | Found a hazy altar of Hepliaklqana.
   393 | D        | Found a hide-covered altar of Uskayaw.
   393 | D        | Found a basalt altar of Yredelemnul.
   393 | D        | Found an opulent altar of Gozag.
   393 | D        | Found a snail-covered altar of Cheibriados.
   393 | D        | Found a sacrificial altar of Ru.
   393 | D        | Found a shadowy altar of Dithmenos.
   393 | D        | Noticed a yak
   396 | D        | Killed a yak
   397 | D        | Reached skill level 12 in Axes
   397 | D        | Reached XP level 7. HP: 34/75 MP: 6/6
   397 | D        | Found a stormy altar of Qazlal.
   397 | D        | Found a blossoming altar of Fedhas.
   397 | D        | Found a bloodstained altar of Trog.
   397 | D        | Found an iron altar of Okawaru.
   397 | D        | Found a glowing golden altar of the Shining One.
   397 | D        | Found a glowing silver altar of Zin.
   397 | D        | Found a white marble altar of Elyvilon.
   398 | D        | Found a sparkling altar of Nemelex Xobeh.
   683 | D        | Noticed a kobold demonologist
   685 | D        | Noticed a sixfirhy
   685 | D        | Noticed a kobold demonologist
   686 | D        | Reached *** piety under Trog
   687 | D        | Noticed an orange demon
   688 | D        | Noticed a soul eater
   689 | D        | Killed a kobold demonologist
   690 | D        | Reached skill level 13 in Axes
   692 | D        | Noticed an orange demon
   693 | D        | HP: 2/117 [sixfirhy[a kobold demonologist] (10)]
   693 | D        | Mangled by an orange demon

Illustrated notes

Levels and vault maps discovered:
D:        dungeon_sprint_1 [red_sonja_temple_1, red_sonja_temple_small_1]

Skill      XL: |  1  2  3  4  5  6  7 |
---------------+----------------------+-----
Fighting       | 5 7 9 11 12 | 12.8
Axes           | 5 7 10 11 12 13 | 13.3
Armour         | 3 4 5 6 7 |  7.0
Dodging        | 3 4 5 6 |  6.1
Polearms       | 2 3 4 |  4.8

Action                   |  1- 3 |  4- 6 |  7- 9 || total
-------------------------+-------+-------+-------++-------
Melee: Hand axe          |     6 |     5 |       ||    11
       Headbutt          |     1 |     2 |     1 ||     4
       Scythe            |       |     7 |     8 ||    15
Invok: Berserk           |     2 |     2 |     1 ||     5
Armor: Leather armour    |       |     1 |     7 ||     8
Dodge: Dodged            |     1 |     4 |    13 ||    18
